 Dungeon Crawl Stone Soup version 0.22.1-6-g1668fe2 (webtiles) character file.

486 Fang the Chopper (level 7, -1/44 HPs)
             Began as a Gargoyle Berserker on Feb 1, 2019.
             Was a Believer of Trog.
             Slain by a hound (2 damage)
             ... on level 5 of the Dungeon.
             The game lasted 00:04:07 (3311 turns).

Fang the Chopper (Gargoyle Berserker)               Turns: 3311, Time: 00:04:07

Health: -1/44      AC: 15    Str: 22    XL:     7   Next: 13%
Magic:  7/7        EV: 11    Int:  8    God:    Trog [**....]
Gold:   171        SH:  0    Dex:  9    Spells: 6/6 levels left

rFire    . . .     SeeInvis .   a - +0 hand axe
rCold    . . .     Gourm    .   (no shield)
rNeg     + . .     Faith    .   m - +0 scale mail
rPois    ∞         Spirit   .   p - +0 helmet of the Harvest {Stlth+} (curse)
rElec    +         Reflect  .   k - +2 cloak
rCorr    .         Harm     .   (no gloves)
MR       .....                  (no boots)
Stlth    +.........             (no amulet)
HPRegen  0.14/turn              (no ring)
MPRegen  0.10/turn              (no ring)

@: marked, berserk cooldown, slowed, very slow
A: negative energy resistance 1, electricity resistance, unbreathing,
petrification resistance, rot immunity, AC +4
a: Berserk, Trog's Hand, Renounce Religion


You were on level 5 of the Dungeon.
You worshipped Trog.
Trog was pleased with you.
You were very hungry.

You visited 1 branch of the dungeon, and saw 5 of its levels.

You collected 171 gold pieces.

Inventory:

Hand Weapons
 a - a +0 hand axe (weapon)
Armour
 k - a +2 cloak (worn)
 m - a +0 scale mail (worn)
 p - the cursed +0 helmet of the Harvest (worn) {Stlth+}
   (You took it off Robin on level 3 of the Dungeon)

   It makes you more stealthy.
   It has a curse placed upon it.
Scrolls
 b - 2 scrolls of fog {unknown}
 d - a scroll of enchant weapon {unknown}
 e - a scroll of magic mapping {unknown}
 f - 2 scrolls of identify {unknown}
 g - a scroll of blinking {unknown}
 h - a scroll of immolation {unknown}
 j - 2 scrolls of remove curse {unknown}
 l - 3 scrolls of teleportation {unknown}
 o - a scroll of amnesia {unknown}
 r - a scroll of random uselessness {unknown}
Potions
 i - a potion of might {unknown}
 n - 2 potions of lignification {unknown}
 q - a potion of heal wounds {unknown}
Comestibles
 c - 3 rations


   Skills:
 + Level 4.7 Fighting
 + Level 5.3 Axes
 + Level 3.0 Armour
 + Level 3.1 Dodging
 + Level 1.2 Stealth


You had 6 spell levels left.
You didn't know any spells.
Your spell library was empty.

Dungeon Overview and Level Annotations

Branches:
Dungeon (4/15)
 Temple: D:4-7

Altars:
Wu Jian

Shops:
D:4 *


Innate Abilities, Weirdness & Mutations

You are resistant to torment.
Your stone body is resilient. (AC +4)
You are immune to poison.
You resist negative energy. (rN+)
You are resistant to electric shocks. (rElec)
You can survive without breathing.
You are immune to petrification.
You are immune to rotting.


Message History

You barely miss the hound.
You are no longer berserk.
You are exhausted.
You feel yourself slow down.
An orc comes into view. It is wielding a flail.
The orc hits you with a whip.
* * * LOW HITPOINT WARNING * * *
The orc wizard mumbles some strange words.
The orc wizard blinks!
You barely miss the orc.
The orc is heavily wounded.
You hit the hound. The hound closely misses you. The hound bites you.
* * * LOW HITPOINT WARNING * * *
The orc closely misses you.
The hound bites you but does no damage. x2
The orc hits you but does no damage.
Unknown command.
You hit the orc but do no damage.
The orc is heavily wounded.
You miss the hound. You hit the hound. The hound bites you.
You die...

##### #...# #...#
#####§..#
........############
..!..oo@h.[).......#
...o.o.h######.###.#
........# #..#..#
..#####.# ##.#... .
#.# ...### #.# .##
#.# .# ... .O.


You could see 2 hounds, an orc wizard and 3 orcs.

Vanquished Creatures
  An ogre (D:5)
  Blork the orc (D:4)
  A howler monkey (D:4)
  A centaur zombie (D:5)
  2 orc priests
  Crazy Yiuf (D:2)
  A worker ant (D:3)
  Robin (D:3)
  5 adders
  2 worms
  2 dart slugs (D:1)
  2 leopard geckos (D:1)
  6 orcs
  A giant cockroach (D:1)
  23 goblins
  7 hobgoblins
  4 jackals (D:1)
  A quokka (D:3)
  10 bats
  4 frilled lizards
  8 kobolds
  3 rats
87 creatures vanquished.

Notes
Turn   | Place    | Note
-------+----------+-------------------------------------------
     0 | D:1      | Fang the Gargoyle Berserker began the quest for the Orb.
     0 | D:1      | Reached XP level 1. HP: 14/14 MP: 1/1
    28 | D:1      | Reached XP level 2. HP: 12/19 MP: 2/2
    48 | D:1      | Reached skill level 3 in Axes
   448 | D:1      | Reached XP level 3. HP: 20/23 MP: 3/3
   533 | D:1      | Reached ** piety under Trog
  1344 | D:2      | Reached XP level 4. HP: 29/29 MP: 4/4
  2122 | D:2      | Found a runed door.
  2127 | D:2      | Noticed Crazy Yiuf
  2132 | D:2      | Killed Crazy Yiuf
  2259 | D:3      | Reached XP level 5. HP: 33/33 MP: 5/5
  2329 | D:3      | Found an ornate altar of the Wu Jian Council.
  2440 | D:3      | Reached skill level 4 in Axes
  2769 | D:3      | Noticed Robin
  2779 | D:3      | Killed Robin
  2788 | D:3      | Got a faintly glowing helmet
  2795 | D:3      | Identified the cursed +0 helmet of the Harvest {Stlth+}
                  | (You took it off Robin on level 3 of the Dungeon)
  3057 | D:4      | Noticed Blork the orc
  3078 | D:4      | Killed Blork the orc
  3078 | D:4      | Reached skill level 1 in Stealth
  3078 | D:4      | Reached XP level 6. HP: 27/39 MP: 6/6
  3228 | D:4      | Found Vaudaq's General Store.
  3237 | D:4      | You fall through a shaft!
  3237 | D:5      | Entered Level 5 of the Dungeon
  3253 | D:5      | Reached skill level 5 in Axes
  3296 | D:5      | Reached XP level 7. HP: 6/44 MP: 7/7
  3310 | D:5      | HP: 1/44 [hound (4)]
  3311 | D:5      | Slain by a hound

Skill      XL: |  1  2  3  4  5  6 |
---------------+-------------------+-----
Axes           | 3 4 5 |  5.3
Dodging        | 2 3 |  3.1
Fighting       | 4 |  4.7
Stealth        | 1 |  1.2
Armour         | 3 |  3.0

Action                   |  1- 3 |  4- 6 |  7- 9 || total
-------------------------+-------+-------+-------++-------
Melee: Hand axe          |   132 |   219 |    12 ||   363
Invok: Berserk           |       |     3 |       ||     3
  Eat: Chunk             |     1 |     5 |       ||     6
       Ration            |       |     1 |       ||     1
Armor: Animal skin       |    39 |    40 |       ||    79
       Scale mail        |       |    59 |     4 ||    63
Dodge: Dodged            |    99 |   151 |     7 ||   257
